 Dungeon Crawl Stone Soup version 0.30-a0-782-ge64f9170bb (webtiles) character file.

Game seed: 14116024868632093408

12945 Majang the Cleaver (level 12, -5/74 HPs)
             Began as a Gargoyle Gladiator on Feb 24, 2023.
             Was an Elder of Cheibriados.
             Shot with an arrow by a centaur warrior (18 damage)
             ... on level 11 of the Dungeon.
             The game lasted 00:36:18 (9442 turns).

Majang the Cleaver (Gargoyle Gladiator)             Turns: 9442, Time: 00:36:19

Health: -5/74      AC: 24    Str: 33    XL:     12   Next: 0%
Magic:  17/17      EV: 14    Int: 19    God:    Cheibriados [****..]
Gold:   646        SH:  0    Dex: 27    Spells: 11/11 levels left

rFire   + . .      SeeInvis .    a - +3 war axe
rCold   . . .      Faith    .    (no shield)
rNeg    + . .      Spirit   .    f - +0 chain mail
rPois   ∞          Reflect  .    c - +0 helmet
rElec   +          Harm     .    O - +0 cloak
rCorr   .          Rampage  .    (no gloves)
Will    .....                    x - +1 pair of boots Stlth
                                 s - amulet of regeneration
HPRegen 1.12/turn                G - ring of protection from fire
MPRegen 0.15/turn                u - +6 ring of dexterity

@: very slow
A: sickness immunity, AC +8, negative energy resistance 1, electricity
resistance, torment resistance 1, petrification resistance
a: Renounce Religion, Bend Time, Temporal Distortion, Slouch


You were on level 11 of the Dungeon.
You worshipped Cheibriados.
Cheibriados was greatly pleased with you.
You visited 1 branch of the dungeon, and saw 11 of its levels.

You collected 772 gold pieces.
You spent 126 gold pieces at shops.

Inventory:

Hand Weapons
 a - a +3 war axe (weapon)
 b - a +0 shortbow
 d - a +2 scythe of flaming
 N - the +8 scimitar of Mazxec {flame, rCorr Str+3}
   (You found it on level 10 of the Dungeon)

   Str:       It affects your strength (+3).
   rCorr:     It protects you from acid and corrosion.
Missiles
 e - a javelin
 A - 3 throwing nets
 I - 8 boomerangs (quivered)
 L - 3 silver javelins
Armour
 c - a +0 helmet (worn)
 f - a +0 chain mail (worn)
 x - a +1 pair of boots (worn)
 E - +0 steam dragon scales
 O - a +0 cloak (worn)
Jewellery
 l - a ring of fire
 n - a ring of see invisible
 s - an amulet of regeneration (around neck)
 u - a +6 ring of dexterity (right hand)
 G - a ring of protection from fire (left hand)
 H - a ring of wizardry
Wands
 g - a wand of acid (18)
 F - a wand of flame (9)
 K - a wand of charming (19)
Scrolls
 h - a scroll of magic mapping
 i - a scroll of poison
 j - 3 scrolls of enchant armour
 k - 3 scrolls of teleportation
 m - a scroll of fear
 o - a scroll of noise {unknown}
 p - a scroll of torment
 r - a scroll of silence
 y - a scroll of amnesia
 J - a scroll of identify
Potions
 t - 3 potions of attraction
 v - a potion of magic
 w - 2 potions of mutation
 z - 2 potions of cancellation
 B - 2 potions of berserk rage
 C - 2 potions of flight
 D - 2 potions of brilliance
 M - a potion of degeneration {unknown}
Miscellaneous
 q - a condenser vane


   Skills:
 + Level 8.2 Fighting
 * Level 10.0 Axes
 + Level 5.0 Ranged Weapons
 - Level 3.7 Throwing
 + Level 6.9 Armour
 + Level 6.0 Dodging
 + Level 6.9 Invocations
 + Level 5.2 Evocations


You had 11 spell levels left.
You didn't know any spells.
Your spell library contained the following spells:

 Spells                   Type           Power      Damage    Failure   Level
 Apportation              Tloc           0%         N/A       63%         1
 Necrotise                Necr           0%         1d4       63%         1
 Sandblast                Erth           0%         2d4       63%         1
 Sting                    Tmut/Pois      0%         1d3       63%         1
 Summon Small Mammal      Summ           0%         N/A       63%         1
 Passwall                 Tmut/Erth      0%         N/A       77%         2
 Poisonous Vapours        Pois/Air       0%         N/A       77%         2
 Stone Arrow              Conj/Erth      0%         3d7       94%         3
 Vhi's Electric Charge    Tloc/Air       0%         N/A       94%         3
 Olgreb's Toxic Radiance  Pois           0%         N/A       100%        4
 Arcjolt                  Conj/Air       0%         1d10      100%        5
 Maxwell's Capacitive Co  Air            0%         ∞         100%        8
 Chain Lightning          Conj/Air       0%         N/A       100%        9
 Fire Storm               Conj/Fire      0%         5d1       100%        9
 Shatter                  Erth           0%         3d5*      100%        9


Dungeon Overview and Level Annotations

Branches:
Dungeon (11/15)            Temple (0/1) D:6            Lair (0/5) D:11
    Orc (0/2) D:10

Altars:
Cheibriados
Fedhas
Gozag
Nemelex Xobeh
Wu Jian
Yredelemnul
The Shining One

Shops:
D:4 (==[[

Annotations:
D:11 exclusion: oklob plant


Innate Abilities, Weirdness & Mutations

You are immune to sickness and miasma.
Your stone body is resilient. (AC +8)
You are immune to poison.
You resist negative energy. (rN+)
You are resistant to electric shocks. (rElec)
You are resistant to unholy torment.
You are immune to petrification.


Message History

Fire: b) +0 shortbow
Press: ? - help, Q - select action, (/) - cycle Shift-Dir - straight line, f/p - centaur warrior
Aim: a centaur warrior, wielding a +0 shortbow (76% to hit)
You shoot an arrow. The arrow hits the centaur warrior!
The centaur warrior is lightly wounded.
The centaur warrior shoots an arrow.
The arrow misses you.
The centaur warrior shoots an arrow.
The arrow hits you.
Fire: b) +0 shortbow
Press: ? - help, Q - select action, (/) - cycle Shift-Dir - straight line, f/p - centaur warrior
Aim: a centaur warrior, wielding a +0 shortbow (lightly wounded, 76% to hit)
You shoot an arrow.
The arrow hits the centaur warrior but does no damage.
The centaur warrior is lightly wounded.
The centaur warrior shoots an arrow.
The arrow hits you but does no damage.
The centaur warrior shoots an arrow.
The arrow hits you but does no damage.
A yak comes into view.
Fire: b) +0 shortbow
Press: ? - help, Q - select action, (/) - cycle Shift-Dir - straight line, f/p - centaur warrior
Aim: a centaur warrior, wielding a +0 shortbow (lightly wounded, 76% to hit)
You shoot an arrow. The yak bellows!
The arrow hits the centaur warrior but does no damage.
The centaur warrior is lightly wounded.
The centaur warrior shoots an arrow.
The arrow hits you.
The centaur warrior shoots an arrow.
The arrow barely misses you.
Fire: b) +0 shortbow
Press: ? - help, Q - select action, (/) - cycle Shift-Dir - straight line, f/p - centaur warrior
Aim: a centaur warrior, wielding a +0 shortbow (lightly wounded, 76% to hit)
You shoot an arrow. The arrow hits the centaur warrior.
The centaur warrior is lightly wounded.
The centaur warrior shoots an arrow.
The arrow hits you!
* * * LOW HITPOINT WARNING * * *
a - a +3 war axe (weapon)
You barely miss the yak.
The centaur warrior shoots an arrow.
The arrow hits you.
* * * LOW HITPOINT WARNING * * *
The yak gores you.
* * * LOW HITPOINT WARNING * * *
The centaur warrior shoots an arrow.
The arrow hits you!!
You die...

#. ##. #..##
###...##
###......##
#.........####
.............#
..c....@Y..#
##.......###
...####### #


You could see a centaur warrior and a yak.

Vanquished Creatures
  Gastronok (D:9)
  2 centaur warriors (D:10)
  2 two-headed ogres
  An ugly thing (D:10)
  A cyclops (D:11)
  A manticore (D:10)
  Maurice (D:9)
  Joseph (D:10)
  A kobold demonologist (D:10)
  A tengu conjurer (D:10)
  A troll (D:10)
  Prince Ribbit (D:5)
  A hornet (D:10)
  Sigmund (D:2)
  2 shadows (D:10)
  A vampire (D:9)
  2 wyverns
  A yak (shapeshifter) (D:10)
  9 yaks
  2 steam dragons
  4 vampire mosquitoes (D:10)
  An acid dragon (D:10)
  2 water moccasins
  4 ice beasts
  2 orc warriors
  4 ogres
  3 centaurs
  3 phantoms
  A gnoll sergeant (D:7)
  A bullfrog (D:7)
  A necrophage (D:5)
  2 scorpions
  9 wights
  A killer bee (D:10)
  3 howler monkeys
  2 electric eels (D:10)
  3 hounds (D:5)
  A gnoll bouda (D:7)
  6 orc priests
  A jelly (D:8)
  Terence (D:2)
  3 iguanas
  11 orc wizards
  6 ogre zombies (D:10)
  8 gnolls (D:7)
  8 adders
  A shadow imp (D:5)
  A white imp (D:5)
  An ufetubus (D:5)
  2 worms
  2 dart slugs
  23 orcs
  9 endoplasms
  3 giant cockroaches
  5 goblins
  5 hobgoblins
  5 jackals
  3 quokkas
  A ball python (D:4)
  5 bats
  2 frilled lizards
  A goblin skeleton (D:10)
  2 goblin zombies (D:10)
  4 hobgoblin zombies (D:10)
  4 kobolds (D:1)
  3 orc skeletons (D:10)
  9 orc zombies (D:10)
  4 rats
219 creatures vanquished.

Notes
Turn   | Place    | Note
-------+----------+-------------------------------------------
     0 | D:1      | Majang the Gargoyle Gladiator began the quest for the Orb.
     0 | D:1      | Reached XP level 1. HP: 12/12 MP: 1/1
   363 | D:1      | Reached skill level 3 in Axes
   398 | D:1      | Reached XP level 2. HP: 18/18 MP: 2/2
   875 | D:2      | Noticed Sigmund
   877 | D:2      | Noticed Terence
  1308 | D:2      | Reached XP level 3. HP: 22/22 MP: 3/3
  1519 | D:2      | Killed Terence
  1696 | D:3      | Reached skill level 4 in Axes
  1696 | D:3      | Reached XP level 4. HP: 11/28 MP: 4/4
  1920 | D:3      | Noticed a water moccasin
  1932 | D:3      | Killed a water moccasin
  1933 | D:3      | Reached XP level 5. HP: 30/33 MP: 5/5
  2205 | D:3      | Reached skill level 5 in Axes
  2300 | D:3      | Found a blossoming altar of Fedhas.
  2305 | D:3      | Reached XP level 6. HP: 38/38 MP: 6/6
  2462 | D:3      | Found a snail-covered altar of Cheibriados.
  2475 | D:3      | Became a worshipper of Cheibriados the Contemplative
  2544 | D:4      | Found Emeofal's Antique Armour Emporium.
  2758 | D:4      | Found Haerenk's Antique Armour Emporium.
  2771 | D:4      | Bought a pair of boots for 126 gold pieces
  2808 | D:4      | Reached skill level 1 in Armour
  2808 | D:4      | Found Nabbib's Antique Weapon Shop.
  2811 | D:4      | Reached skill level 1 in Invocations
  2896 | D:4      | Found Puoth's Jewellery Boutique.
  2906 | D:4      | Found Ijizuoh's Jewellery Shop.
  2919 | D:4      | Reached XP level 7. HP: 43/44 MP: 6/8
  2976 | D:4      | Reached * piety under Cheibriados
  2992 | D:4      | Identified the +2 robe of the Aged Deaths {+Blink rN+}
  3733 | D:2      | Killed Sigmund
  3779 | D:5      | Entered Level 5 of the Dungeon
  3862 | D:5      | Found a basalt altar of Yredelemnul.
  3963 | D:5      | Reached skill level 6 in Axes
  3963 | D:5      | Reached XP level 8. HP: 48/48 MP: 9/9
  4106 | D:5      | Reached skill level 5 in Fighting
  4364 | D:5      | Reached ** piety under Cheibriados
  4543 | D:5      | Noticed Prince Ribbit
  4565 | D:5      | Killed Prince Ribbit
  4566 | D:5      | Reached skill level 1 in Evocations
  4707 | D:5      | Reached XP level 9. HP: 41/54 MP: 11/11
  4792 | D:6      | Reached skill level 7 in Axes
  4904 | D:6      | Found a staircase to the Ecumenical Temple.
  5393 | D:7      | Reached *** piety under Cheibriados
  5394 | D:7      | Reached skill level 1 in Ranged Weapons
  6178 | D:8      | Reached skill level 8 in Axes
  6178 | D:8      | Reached XP level 10. HP: 14/61 MP: 13/13
  6621 | D:8      | Reached skill level 5 in Invocations
  6832 | D:8      | Noticed a two-headed ogre
  6845 | D:8      | Killed a two-headed ogre
  6846 | D:8      | Reached skill level 5 in Armour
  7152 | D:9      | Reached skill level 5 in Dodging
  7156 | D:9      | Noticed Maurice
  7187 | D:9      | Killed Maurice
  7204 | D:9      | Found an ornate altar of the Wu Jian Council.
  7339 | D:9      | Found an opulent altar of Gozag.
  7339 | D:9      | Found a glowing golden altar of the Shining One.
  7492 | D:9      | Reached **** piety under Cheibriados
  7719 | D:9      | Noticed Gastronok
  7738 | D:9      | Killed Gastronok
  7739 | D:9      | Reached skill level 9 in Axes
  7739 | D:9      | Reached XP level 11. HP: 29/67 MP: 15/15
  8130 | D:10     | Entered Level 10 of the Dungeon
  8344 | D:10     | Found a staircase to the Orcish Mines.
  8434 | D:10     | Identified the +8 scimitar of Mazxec {flame, rCorr Str+3}
  8551 | D:10     | Found a sparkling altar of Nemelex Xobeh.
  8648 | D:10     | Noticed Joseph
  8655 | D:10     | Killed Joseph
  8747 | D:10     | Reached ***** piety under Cheibriados
  8796 | D:10     | Noticed a two-headed ogre
  8800 | D:10     | Noticed a manticore
  8805 | D:10     | Killed a two-headed ogre
  8808 | D:10     | Noticed a sun demon
  8814 | D:10     | Noticed a cyan ugly thing
  8816 | D:10     | Noticed a centaur warrior
  8832 | D:10     | Killed a centaur warrior
  8847 | D:10     | Noticed a centaur warrior
  9060 | D:10     | Killed a centaur warrior
  9061 | D:10     | Reached skill level 5 in Evocations
  9081 | D:10     | Killed a manticore
  9090 | D:10     | Killed a cyan ugly thing
  9091 | D:10     | Reached skill level 5 in Ranged Weapons
  9137 | D:10     | Identified the +4 kite shield of the Untouchables {rCorr}
  9295 | D:11     | Found a staircase to the Lair.
  9295 | D:11     | Noticed an oklob plant
  9421 | D:11     | Noticed a cyclops
  9422 | D:11     | Noticed a centaur warrior
  9434 | D:11     | Killed a cyclops
  9435 | D:11     | Reached skill level 10 in Axes
  9435 | D:11     | Reached XP level 12. HP: 31/74 MP: 17/17
  9442 | D:11     | Shot with an arrow by a centaur warrior

Illustrated notes

Levels and vault maps discovered:
D:1:      arrival_zaba_pyramid, layout_basic, roderic_serpentine_path
D:2:      layout_loops_ring, uniq_terence, uniq_sigmund
D:3:      layout_loops_ring, lemuel_coloured_pillars_altar,
          fedhas_altar_fruit_tree
D:4:      layout_basic, serial_shops, nicolae_stop_n_shop_2, shop_fountains,
          shop_statue, nicolae_stop_n_shop_2, nicolae_stop_n_shop_2
D:5:      layout_loops_ring, lemuel_crystal_altar, uniq_prince_ribbit1
D:6:      layout_rooms, minmay_temple_entry_trees, minmay_checkerbox
D:7:      layout_basic, minmay_misc_feat_secret_circle
D:8:      layout_basic
D:9:      layout_basic, nzn_wu_jian_council_hall,
          gammafunk_temple_overflow_pools, nrook_loot_triangle, uniq_gastronok,
          uniq_maurice
D:10:     layout_long_grid, old_standard_altar, zombieorc1_lemuel,
          nicolae_lava_and_water, minmay_pinched_square, uniq_joseph
D:11:     layout_cave_pods, dpeg_oklobed_lair, chequers_serial_rivers_micro_d,
          minmay_between

Skill      XL: |  1  2  3  4  5  6  7  8  9 10 11 |
---------------+----------------------------------+-----
Axes           | 3 4 5 6 8 9 10 | 10.0
Fighting       | 3 4 5 6 7 8 |  8.2
Throwing       | 2 3 |  3.7
Armour         | 1 2 3 4 6 |  6.9
Invocations    | 1 2 3 4 6 |  6.9
Dodging        | 3 4 5 6 |  6.0
Evocations     | 1 3 4 5 |  5.2
Ranged Weapons | 2 3 5 |  5.0

Action                     |  1- 3 |  4- 6 |  7- 9 | 10-12 || total
---------------------------+-------+-------+-------+-------++-------
  Melee: War axe           |    82 |   120 |   322 |   305 ||   829
         Punch             |     2 |       |     6 |     7 ||    15
   Fire: Sling             |       |       |    33 |     5 ||    38
         Shortbow          |       |       |       |    65 ||    65
  Throw: Throwing net      |       |       |     4 |       ||     4
         Boomerang         |       |       |     2 |       ||     2
 Invoke: Bend Time         |       |       |       |     1 ||     1
         Slouch            |       |       |       |     1 ||     1
  Evoke: Wand              |       |       |     1 |    12 ||    13
    Use: Potion            |     3 |       |     2 |     3 ||     8
         Scroll            |       |       |       |    21 ||    21
 Armour: Chain mail        |    28 |       |       |    97 ||   125
         Scale mail        |    15 |    83 |   244 |    72 ||   414
  Dodge: Dodged            |    43 |    64 |   268 |   233 ||   608

Table legend: (Time is in decaauts)
 A = Elapsed time spent in this place.
 B = Non-inter-level travel time spent in this place.
 C = Inter-level travel time spent in this place.
 D = Time resting spent in this place.
 E = Time spent auto-exploring this place.
 F = Levels seen in this place.
 G = Mean time per level.
                   A        B        C        D        E       F      G
               +--------+--------+--------+--------+--------+-----+--------+
         Total |  12506 |  10700 |   1806 |    837 |   5941 |  11 | 1136.9 |
       Dungeon |  12506 |  10700 |   1806 |    837 |   5941 |  11 | 1136.9 |
               +--------+--------+--------+--------+--------+-----+--------+

Top non-repeatable levels by time:
     D:9: 1835 daAuts
     D:2: 1713 daAuts
    D:10: 1678 daAuts
     D:7: 1463 daAuts
     D:5: 1281 daAuts
     D:8: 994 daAuts
     D:3: 955 daAuts
     D:1: 949 daAuts
     D:4: 794 daAuts
     D:6: 557 daAuts
    D:11: 284 daAuts
